Unix NetHack Version 5.0.0-0 post-release - last build May 17 2026 04:57:42 (dc50c8380fa5e20985bfe3072449f57b8d9895ef,branch:main).

Game began 2026-05-17 21:26:05, ended 2026-05-17 21:31:52.

Brudee, chaotic female orcish Barbarian

 ------                                                               --------
 |.o..|        -------------                                          ....<..|
 |.o.h|       #.............#                       --------------    |......|
 |oGo\|########|...........|#                    ###-............|    |......|
 |oo..G#       |...........|#                    #  |.............####.......|
 |..).|        |[..........|#                  ###  |............|    |......|
 |.GhG|       #............|#                ###    |............|    --------
 ---@-        )-------------#                #      |............|
    &##       #             #                #      ------------.-
      f       ##            #                #       #####      #
      ###      #            ##               #        #####     #
        #      #             #  ----------#############  #     0#
        ##     #             #  |.........#  #           # ######
    -----.-----#             #  |........|   ##          ###   #
    |`........|#             ###-........|    #------------+---#
    |....)....|#                ----------    #|..............|#
    |...)))...|#                              #|............{..#
    |..........#                              #-..............|
    -----------                                ----------------

Brudee the Pillager        St:18/01 Dx:18 Co:18 In:7 Wi:7 Ch:6  Chaotic S:601
Dlvl:6  $:163 HP:0(39) Pw:5(5) AC:8  Xp:3/47 T:1113  Hungry   Strained

Latest messages:
 You stop waiting.
 Yeenoghu vanishes and reappears next to you.
 Sparky misses the grid bug.
 You stop.  Sparky is in the way!
 You swap places with Sparky.
 You hear some noises.
 Sparky misses the grid bug.
 Sparky bites the grid bug.
 The grid bug is killed!
 The bugbear wakes up!
 You kill the bugbear!
 Welcome to experience level 3.
 Yeenoghu appears next to you!
 Yeenoghu vanishes and reappears next to you.
 You enter an opulent throne room!
 The dwarf queen wakes up!
 The dwarf queen throws a dagger!
 The dagger hits the hobgoblin.
 The hobgoblin is killed!
 Yeenoghu vanishes and reappears next to you.
 x - a pair of jungle boots.
 You have much trouble lifting a bugbear corpse.  Continue? [ynq] (q) y
 You have much trouble lifting y - a bugbear corpse.
 You stagger under your heavy load.  Movement is very hard.
 The gnome lady wakes up!
 The gnome lady wields a crossbow!
 The gnome hits!
 The dwarf queen picks up a dagger.
 The gnome hits!
 The dwarf queen wields a mace!
 The gnome wakes up!
 The gnome hits!
 The gnome lady shoots 2 crossbow bolts!
 The 1st crossbow bolt hits the dwarf queen.
 The 2nd crossbow bolt misses the dwarf queen.
 You are hit by the 2nd crossbow bolt.
 You are beginning to feel hungry.
 Yeenoghu vanishes and reappears next to you.
 The gnome hits!
 The gnome hits!
 You stop.  Sparky is in the way!
 Yeenoghu vanishes and reappears next to you.
 The gnome hits!
 The hobgoblin wakes up!
 The dwarf queen swings her mace.
 The dwarf queen hits!
 The dwarf queen swings her mace.
 The dwarf queen hits again!
 You die...
 Do you want your possessions identified? [ynq] (y) q

Inventory:
 Coins    ('$')
  $ - 163 gold pieces
 Weapons  (')')
  b - a +0 axe (alternate weapon; not wielded)
  o - a +0 flail
  a - a +0 two-handed sword (weapon in hands)
 Armor    ('[')
  x - an uncursed +0 pair of speed boots
  c - an uncursed +0 orcish ring mail (being worn)
 Comestibles  ('%')
  d - 2 uncursed food rations
  w - an uncursed partly eaten food ration
  f - an uncursed pancake
  e - an uncursed tripe ration
  y - an uncursed bugbear corpse
  q - an uncursed lichen corpse
 Scrolls  ('?')
  i - an uncursed scroll of confuse monster
  k - 2 uncursed scrolls of enchant armor
  p - an uncursed scroll of fire
  j - an uncursed scroll of light
  v - an uncursed scroll of remove curse
 Spellbooks  ('+')
  n - an uncursed spellbook of confuse monster
  t - a cursed spellbook of identify
  r - an uncursed spellbook of magic mapping
 Potions  ('!')
  g - an uncursed potion of gain energy
  u - an uncursed potion of hallucination
  s - an uncursed potion of levitation
  l - an uncursed potion of monster detection
  h - an uncursed potion of speed
 Rings    ('=')
  m - an uncursed ring of slow digestion

Brudee the Barbarian's attributes:

Background:
 You were a Pillager, a level 3 female orcish Barbarian.
 You were chaotic, on a mission for Set
 who was opposed by Mitra (lawful) and Crom (neutral).
 You were left-handed.
 You were in the Dungeons of Doom, on level 6.
 You entered the dungeon 1113 turns ago.
 There was a new moon in effect when your adventure ended.
 You had 47 experience points, 33 more were needed to attain level 4.
 Your score was 601 before end-of-game adjustments.

Basics:
 You had 0 out of 39 hit points.
 You had all 5 energy points (spell power).
 Your armor class was 8.
 Your wallet contained 163 zorkmids.
 Autopickup was on for '$!=+?/"' plus thrown.

Final Characteristics:
 Your strength was 18/01 (limit:18/50).
 Your dexterity was 18 (limit:18).
 Your constitution was 18 (limit:18).
 Your intelligence was 7 (limit:16).
 Your wisdom was 7 (limit:16).
 Your charisma was 6 (limit:16).

Final Status:
 You were hungry.
 You were strained; movement was very slowed.
 You were wielding a two-handed sword.
 You had basic skill with two-handed sword.

Final Attributes:
 You were devoutly aligned.
 You were poison resistant.
 You had infravision.
 You were warded.
 You were lucky.
 You are dead.

Miscellaneous:
 You didn't encounter any bones levels.
 Total elapsed playing time was 5 minutes and 46 seconds.

Major events:
 Turn
    1: Brudee the chaotic female orcish Barbarian entered the dungeon
 1107: attained the rank of Pillager (level 3)
 1113: killed by a dwarf queen

You didn't know any spells.

Skills:
 Fighting Skills
   bare handed combat [Basic]
   two weapon combat  [Unskilled]
   riding             [Unskilled]
 Weapon Skills
   dagger             [Unskilled]
   axe                [Basic]
   pick-axe           [Unskilled]
   short sword        [Unskilled]
   broadsword         [Unskilled]
   long sword         [Unskilled]
   two-handed sword   [Basic]
   saber              [Unskilled]
   club               [Unskilled]
   mace               [Unskilled]
   morning star       [Unskilled]
   flail              [Unskilled]
   hammer             [Unskilled]
   quarterstaff       [Unskilled]
   spear              [Unskilled]
   trident            [Unskilled]
   bow                [Unskilled]
 Spellcasting Skills
   attack spells      [Unskilled]
   escape spells      [Unskilled]

Voluntary challenges:
 Character rerolling was not enabled.
 You were illiterate.
 You never genocided any monsters.
 You never polymorphed an object.
 You never changed form.
 You used no wishes.
Achievement:
 You attained the rank of Pillager.

 The Dungeons of Doom: levels 1 to 6
    Level 1:
       A sink.
    Level 2:
    Level 3:
    Level 4:
    Level 5:
    Level 6: <- You were here.
       An altar to Set, a throne, a fountain.
       Final resting place for
          you, killed by a dwarf queen.


Vanquished creatures:
  a bugbear
 an acid blob
  a coyote
  4 hobgoblins
  a yellow mold
  3 gnomes
  3 jackals
  a kobold
  a sewer rat
 10 grid bugs
  2 bats
  a lichen
  a newt
30 creatures vanquished.

No species were genocided or became extinct.

Game over:
                       ----------
                      /          \
                     /    REST    \
                    /      IN      \
                   /     PEACE      \
                  /                  \
                  |      Brudee      |
                  |      163 Au      |
                  |   killed by a    |
                  |   dwarf queen    |
                  |                  |
                  |                  |
                  |       2026       |
                 *|     *  *  *      | *
        _________)/\\_//(\/(/\)/\//\/|_)_______

Goodbye Brudee the Barbarian...

You died in The Dungeons of Doom on dungeon level 6 with 585 points,
and 163 pieces of gold, after 1113 moves.
You were level 3 with a maximum of 39 hit points when you died.

